 Dungeon Crawl Stone Soup version 0.17.0-7-gfadd4cc (webtiles) character file.

286 Ijustatesigmund the Sneak (level 6, -5/37 HPs)
             Began as an Octopode Conjurer on Nov 8, 2015.
             Slain by Menkaure (21 damage)
             ... on level 4 of the Dungeon.
             The game lasted 00:09:39 (3244 turns).

Ijustatesigmund the Sneak (Octopode Conjurer)       Turns: 3244, Time: 00:09:40

Health: -5/37      AC:  1    Str:  7    XL:     6   Next: 30%
Magic:  1/9        EV: 12    Int: 19    God:
Gold:   177        SH:  0    Dex: 13    Spells: 4 memorised, 0 levels left

rFire  . . .     SeeInvis .     o - +0 rapier
rCold  . . .     Clarity  .     (no shield)
rNeg   . . .     SustAt   .     (helmet restricted)
rPois  .         Gourm    .     (no amulet)
rElec  .         Spirit   .     (no ring)
rCorr  .         Warding  .     (no ring)
rMut   .         Stasis   .     (no ring)
MR     .....                    (no ring)
Stlth  ++++......               (no ring)
                                (no ring)
                                (no ring)
                                (no ring)

@: not resistant to hostile enchantments, stealthy
A: almost no armour, amphibious, 8 rings, constrict 8, camouflage 1, gelatinous
body 1
a: no special abilities


You were on level 4 of the Dungeon.
You were hungry.

You visited 1 branch of the dungeon, and saw 4 of its levels.

You collected 177 gold pieces.

Inventory:

Hand Weapons
 o - a +0 rapier (weapon)
Missiles
 i - 8 javelins (quivered)
Scrolls
 h - 2 scrolls of teleportation
 n - 3 scrolls of blinking
Potions
 c - 2 potions of curing
 e - a potion of degeneration {unknown}
 j - 2 potions of cure mutation
 k - a potion of cancellation {unknown}
 m - a potion of mutation {unknown}
Books
 a - a book of Conjurations

   Spells                             Type                      Level
   a - Magic Dart                     Conjuration                  1
   b - Searing Ray                    Conjuration                  2
   c - Dazzling Spray                 Conjuration/Hexes            3
   d - Fulminant Prism                Conjuration/Hexes            4
   e - Iskenderun's Mystic Blast      Conjuration                  4
   f - Iskenderun's Battlesphere      Conjuration/Charms           5
 f - a Young Poisoner's Handbook

   Spells                             Type                      Level
   a - Sting                          Conjuration/Poison           1
   b - Cure Poison                    Poison                       2
   c - Mephitic Cloud                 Conjuration/Poison/Air       3
   d - Olgreb's Toxic Radiance        Poison                       4
   e - Venom Bolt                     Conjuration/Poison           5
Comestibles
 b - 4 bread rations
 d - a royal jelly
 g - 4 fruits


   Skills:
 + Level 0.6 Fighting
 - Level 2.2 Short Blades
 - Level 2.0 Dodging
 - Level 6.0 Stealth
 + Level 2.0 Spellcasting
 + Level 4.8 Conjurations
 + Level 2.4 Hexes
 + Level 0.2 Air Magic
 + Level 0.2 Poison Magic


You couldn't memorise any spells.
You knew the following spells:

 Your Spells              Type           Power        Failure   Level  Hunger
a - Magic Dart            Conj           ###.         2%          1    #......
b - Searing Ray           Conj           ###...       4%          2    ###....
c - Dazzling Spray        Conj/Hex       ###.....     12%         3    ###....
d - Mephitic Cloud        Conj/Pois/Air  #.......     28%         3    ###....


Dungeon Overview and Level Annotations

Branches:
Dungeon (4/15)
 Temple: D:4-7

Altars:
The Shining One

Annotations:
D:4 Menkaure


Innate Abilities, Weirdness & Mutations

You cannot wear most types of armour.
You are amphibious.
You can wear up to eight rings at the same time.
You can use your tentacles to constrict eight enemies at once.
Your skin changes colour to match your surroundings (Stealth).
Your rubbery body absorbs attacks (AC +1).


Message History

Casting: Searing Ray
Confirm with . or Enter, or press ? or * to list all spells.
Aiming: Dazzling Spray
Press: ? - help, Shift-Dir - straight line, f/p - Menkaure
Aim: Menkaure (heavily damaged)
The spray of energy hits Menkaure.
Menkaure is severely damaged.
You are feeling hungry.
Menkaure gestures wildly while chanting.
Menkaure seems to speed up.
Drink which item? (? for menu, Esc to quit)
You feel better. Menkaure closely misses you.
You hit Menkaure but do no damage. You grab Menkaure.
Menkaure is severely damaged.
You constrict Menkaure. Menkaure hits you!!
You hit Menkaure but do no damage. You squeeze Menkaure.
Menkaure is almost destroyed.
You constrict Menkaure. Menkaure hits you!!
Ouch! That really hurt!
You die...

###..######.#
#..##.....#
#..##.....##
#.....)....#
#.###......#
#.###......#
#.......##.###
#######.##...###..#
#.##..@M....#
#.##...###.##
#.##..## #.##..#
#.##..# #.##..#
#... #.#


You could see Menkaure.

Vanquished Creatures
  The ghost of Ijustatesigmund the Conjurer, an amateur OpCj (D:3)
  An orc priest (D:3)
  3 gnolls (D:2)
  8 adders
  2 oozes
  A worm (D:2)
  7 orcs
  4 giant cockroaches
  6 hobgoblins
  3 jackals (D:2)
  2 quokkas
  3 bats
  7 giant newts
  4 goblins
  9 kobolds
  17 rats
78 creatures vanquished.

Notes
Turn   | Place    | Note
--------------------------------------------------------------
     0 | D:1      | Ijustatesigmund the Octopode Conjurer began the quest for the Orb.
     0 | D:1      | Reached XP level 1. HP: 11/11 MP: 3/3
   278 | D:1      | Reached XP level 2. HP: 17/17 MP: 5/5
   282 | D:1      | Learned a level 2 spell: Searing Ray
   832 | D:2      | Reached XP level 3. HP: 21/21 MP: 6/6
   837 | D:2      | Learned a level 3 spell: Dazzling Spray
  1433 | D:2      | Reached skill level 1 in Hexes
  1433 | D:2      | Reached XP level 4. HP: 27/27 MP: 2/7
  1574 | D:2      | Reached skill level 1 in Short Blades
  1574 | D:2      | Reached skill level 5 in Stealth
  2186 | D:3      | Found a glowing golden altar of the Shining One.
  2333 | D:3      | Reached XP level 5. HP: 29/31 MP: 5/8
  2362 | D:3      | Noticed Ijustatesigmund's ghost (amateur OpCj)
  2377 | D:3      | Killed Ijustatesigmund's ghost
  2441 | D:3      | Reached XP level 6. HP: 32/36 MP: 1/9
  2841 | D:3      | Reached skill level 6 in Stealth
  2845 | D:3      | Found a faded altar to an unknown god.
  3058 | D:3      | Learned a level 3 spell: Mephitic Cloud
  3235 | D:4      | Noticed Menkaure
  3244 | D:4      | Slain by Menkaure

Action                   |  1- 3 |  4- 6 || total
-------------------------+-------+-------++-------
Melee: Unarmed           |    24 |       ||    24
       Dagger            |    11 |       ||    11
       Short sword       |     2 |    18 ||    20
       Rapier            |       |    22 ||    22
 Cast: Magic Dart        |    41 |    83 ||   124
       Searing Ray       |     1 |     4 ||     5
       Dazzling Spray    |     1 |     1 ||     2
  Use: Scroll            |     5 |     4 ||     9
       Potion            |       |     2 ||     2
 Stab: Sleeping          |     7 |     1 ||     8
  Eat: Chunk             |     2 |     7 ||     9
